 Dungeon Crawl Stone Soup version 0.18-a0-1481-g708b138 (webtiles) character file.

60 Duffy the Ruffian (level 3, 36/36 HPs)
             Began as a Troll Fighter on Mar 2, 2016.
             Was a Follower of Yredelemnul.
             Quit the game on level 2 of the Dungeon.
             The game lasted 00:01:07 (894 turns).

Duffy the Ruffian (Troll Fighter)                    Turns: 894, Time: 00:01:08

Health: 36/36      AC:  5    Str: 24    XL:     3   Next: 82%
Magic:  2/2        EV: 10    Int:  4    God:    Yredelemnul [*.....]
Gold:   104        SH:  0    Dex: 10    Spells: 0 memorised, 2 levels left

rFire  . . .     SeeInvis .       - Unarmed
rCold  + . .     Gourm    +     i - +0 robe (curse)
rNeg   . . .     Faith    .     (no shield)
rPois  .         Spirit   .     (helmet restricted)
rElec  .         Dismiss  .     (no cloak)
rCorr  .         Reflect  .     (gloves unavailable)
SustAt .         Harm     .     (boots unavailable)
MR     .....                    (no amulet)
Stlth  +.........               (no ring)
                                j - ring of protection from cold

@: not resistant to hostile enchantments, very unstealthy
A: unfitting armour, claws 3, fast metabolism 3, gourmand, regeneration 2,
shaggy fur 1, tough skin 2
a: Animate Remains, Renounce Religion


You were on level 2 of the Dungeon.
You worshipped Yredelemnul.
Yredelemnul was aware of your devotion.
You were not hungry.

You visited 1 branch of the dungeon, and saw 2 of its levels.

You collected 104 gold pieces.


Innate Abilities, Weirdness & Mutations

You are too large for most types of armour.
You have claws for hands.
Your metabolism is lightning-fast.
You like to eat raw meat.
You heal very quickly.
You are covered in fur (AC +1).
You have very tough skin (AC +2).


   Skills:
 - Level 2.4 Fighting
 - Level 2.4 Dodging
 - Level 2.4 Shields
 + Level 4.2 Unarmed Combat


You had 2 spell levels left.
You didn't know any spells.

Inventory:

Armour
 a - a +0 robe
 b - a +0 shield
 i - a cursed +0 robe (worn)
Jewellery
 j - a ring of protection from cold (left claw)
Scrolls
 e - a scroll of identify {unknown}
 f - a scroll of teleportation {unknown}
 g - a scroll of blinking {unknown}
 h - a scroll of recharging {unknown}
 k - a scroll of fear {unknown}
Potions
 c - a potion of might
Comestibles
 d - 3 bread rations
 l - a beef jerky

Dungeon Overview and Level Annotations

Branches:
Dungeon (2/15)

Altars:
Yredelemnul


Message History

No target in view!
No target in view!
No target in view!
Found a stone staircase leading up.
A hobgoblin comes into view. It is wielding a club.
The hobgoblin shouts!
You claw the hobgoblin!
You kill the hobgoblin!
No target in view!
No target in view!
No target in view!
No target in view!
No target in view!
No target in view!
No target in view!
No target in view!
No target in view!
No target in view!
No target in view!
No target in view!
No target in view!
Found a faded altar to an unknown god.
Found a dagger.
A kobold comes into view. It is wielding a short sword.
A quokka comes into view.
The kobold shouts!
The kobold throws a stone.
The stone misses you.
You see here a stone.
Found a stone staircase leading up.
There is a faded altar to an unknown god here.
This altar will convert you to a god.
You cannot discern which.
Do you pray? Yredelemnul accepts your prayer! Yredelemnul welcomes you!
You can now animate remains.
Are you sure you want to abandon this character and quit the game? (Confirm with "yes".)

.....#.<..............#.........#
####.###..#######.###############
#......# #.# ######.##### #.#
#.##...##.### ............##
##.#....8(...# <.....8.8...#
#..#.8.@.8..# . #..8)8...K..
#.....8....r..# ##'...........#
#.............# #.............#
#.......###### #.......#


You could see a quokka and a kobold.

Action                   || total
-------------------------++-------
Melee: Unarmed           ||    84
 Stab: Sleeping          ||     1
  Eat: Chunk             ||     7

Notes
Turn   | Place    | Note
--------------------------------------------------------------
     0 | D:1      | Duffy the Troll Fighter began the quest for the Orb.
     0 | D:1      | Reached XP level 1. HP: 22/22 MP: 0/0
   177 | D:1      | Reached XP level 2. HP: 29/29 MP: 1/1
   309 | D:1      | Reached skill level 3 in Unarmed Combat
   668 | D:2      | Reached XP level 3. HP: 23/36 MP: 2/2
   813 | D:2      | Reached skill level 4 in Unarmed Combat
   886 | D:2      | Found a faded altar to an unknown god.
   894 | D:2      | Became a worshipper of Yredelemnul the Dark
   894 | D:2      | Reached * piety under Yredelemnul
   894 | D:2      | Quit the game

Vault maps used:
D:1:      evilmike_arrival_plus
D:2:      lemuel_zombie_altar_yredelemnul, ecumenical_altar_2

Vanquished Creatures
  3 adders
  A worm
  A dart slug
  3 bats
  A giant cockroach
  3 goblins
  7 hobgoblins
  A giant newt
  7 kobolds
27 creatures vanquished.
